 Dungeon Crawl Stone Soup version 0.30-a0-305-g026cb31310 (webtiles) character file.

Game seed: 2191836258229665100

360961 Hnjsb the Imperceptible (level 21, -9/109 (115) HPs)
             Began as a Spriggan Enchanter on Oct 22, 2022.
             Was the Champion of Dithmenos.
             Killed from afar by a frost giant (18 damage)
             ... with a bolt of cold
             ... on level 2 of the Depths on Oct 23, 2022.
             The game lasted 03:54:47 (54064 turns).

Hnjsb the Imperceptible (Spriggan Enchanter)       Turns: 54064, Time: 03:54:47

HP:   -9/109 (115)  AC: 16    Str: 12    XL:     21   Next: 79%
MP:   31/42         EV: 30    Int: 16    God:    Dithmenos [******]
Gold: 2731          SH:  0    Dex: 17    Spells: 27/63 levels left

rFire   + . .      SeeInvis +    a - +9 dagger (protect)
rCold   . . .      Faith    .    (no shield)
rNeg    . . .      Spirit   .    I - +5 steam dragon scales
rPois   .          Reflect  .    s - +1 hat
rElec   +          Harm     .    N - +2 cloak {rF+}
rCorr   .          Rampage  .    (gloves unavailable)
Will    +++..      Archmagi +    (boots unavailable) Stlth *******+++
                                 g - amulet of regeneration
HPRegen 1.18/turn                n - +4 ring of slaying
MPRegen 0.28/turn                M - ring of the Mage {Wiz Archmagi}

@: wreathed by umbra, studying 2 skills, drained, very quick
A: very small, no large weapons, unfitting armour, see invisible, speed 3,
talons 1, iridescent scales 1, dopey 1, low MP 1, electricity resistance,
MP-powered wands
}: 1/15 runes: serpentine
a: Renounce Religion, Shadow Step, Shadow Form


You were on level 2 of the Depths.
You worshipped Dithmenos.
Dithmenos was exalted by your worship.
You visited 8 branches of the dungeon, and saw 38 of its levels.
You visited 1 bazaar.
You also visited: Ossuary, Bailey, Ice Cave and Volcano.

You collected 5456 gold pieces.
You spent 2725 gold pieces at shops.

Inventory:

Hand Weapons
 a - a +9 dagger of protection (weapon)
 S - a +2 dagger of draining
 V - the +8 dagger of the Glowing Moth {holy, rPois}
   (You found it on level 3 of the Elven Halls)

   It has been blessed by the Shining One to cause great damage to the undead
   and demons.
   rPois:     It protects you from poison.
Missiles
 m - 6 curare-tipped darts (quivered)
Armour
 h - a scarf of resistance
 s - a +1 hat (worn)
 I - +5 steam dragon scales (worn)
 N - a +2 cloak of fire resistance (worn)
Jewellery
 e - a ring of flight
 g - an amulet of regeneration (around neck)
 j - the ring of Dymmoro {Drain rPois MP+9 Str+5 Dex+4}
   (You found it on level 2 of the Dungeon)

   [ring of magical power]

   Str:       It affects your strength (+5).
   Dex:       It affects your dexterity (+4).
   rPois:     It protects you from poison.
   MP:        It affects your magic capacity (+9).
   Drain:     It drains your maximum health when unequipped.
 n - a +4 ring of slaying (left hand)
 t - a +4 ring of evasion
 u - a ring of protection from cold
 y - a ring of poison resistance
 B - a ring of resist corrosion
 F - a +6 ring of intelligence
 M - the ring of the Mage (right hand) {Wiz Archmagi}
   (You found it on level 4 of the Lair of Beasts)

   [ring of wizardry]

   It improves your spell success rate.
   Archmagi:  It increases the power of your magical spells.
Wands
 l - a wand of digging (29)
 z - a wand of light (6)
 E - a wand of flame (45)
 Q - a wand of roots (7)
 T - a wand of polymorph (19)
 U - a wand of mindburst (12)
 X - a wand of paralysis (16)
Scrolls
 f - 3 scrolls of magic mapping
 q - 4 scrolls of vulnerability
 x - 4 scrolls of teleportation
 A - 3 scrolls of butterflies
 C - a scroll of immolation
 G - 8 scrolls of amnesia
Potions
 b - 5 potions of ambrosia
 c - 3 potions of invisibility
 d - 7 potions of brilliance
 i - 9 potions of lignification
 o - a potion of resistance
 p - 14 potions of curing
 r - 5 potions of haste
 v - 7 potions of might
 w - 9 potions of magic
 H - a potion of berserk rage
 J - 6 potions of mutation
 L - 3 potions of cancellation
 R - 2 potions of flight
 Y - a potion of heal wounds
Miscellaneous
 D - a tin of tremorstones (2/2)
 K - a phial of floods
 O - a box of beasts
 P - a phantom mirror
 W - a condenser vane


   Skills:
 + Level 14.1 Fighting
 - Level 12.0 Short Blades
 - Level 18.0 Dodging
 + Level 26.6 Stealth
 + Level 21.5 Spellcasting
 + Level 22.3 Hexes
 - Level 4.0 Necromancy
 - Level 5.0 Earth Magic


You had 27 spell levels left.
You knew the following spells:

 Your Spells              Type           Power      Damage    Failure   Level
a - Ensorcelled Hibernat  Hex/Ice        100%       N/A       1%          2
b - Tukima's Dance        Hex            93%        N/A       0%          3
c - Dazzling Flash        Conj/Hex       100%       N/A       1%          3
d - Confusing Touch       Hex            93%        N/A       0%          3
e - Apportation           Tloc           50%        N/A       1%          1
f - Blink                 Tloc           50%        N/A       1%          2
g - Borgnjor's Vile Clut  Necr/Erth      23%        N/A       4%          5
h - Summon Mana Viper     Hex/Summ       68%        N/A       1%          5
i - Lee's Rapid Deconstr  Erth           24%        3d13*     4%          5
j - Dispel Undead         Necr           45%        3d17      2%          4
k - Stone Arrow           Conj/Erth      74%        3d11      1%          3

Your spell library contained the following spells:

 Spells                   Type           Power      Damage    Failure   Level
 Beastly Appendage        Tmut           50%        N/A       1%          1
 Kiss of Death            Conj/Necr      100%       2d13      1%          1
 Magic Dart               Conj           100%       1d8       1%          1
 Sandblast                Erth           98%        2d20      1%          1
 Sting                    Tmut/Pois      100%       1d8       1%          1
 Call Imp                 Summ           25%        N/A       1%          2
 Cigotuvi's Dreadful Rot  Necr/Pois/Air  64%        N/A       1%          2
 Momentum Strike          Conj/Tloc      50%        3d9       1%          2
 Passwall                 Tmut/Erth      30%        N/A       1%          2
 Poisonous Vapours        Pois/Air       50%        N/A       1%          2
 Scorch                   Fire           50%        2d7       1%          2
 Wereblood                Tmut           25%        N/A       1%          2
 Portal Projectile        Hex/Tloc       100%       N/A       1%          3
 Anguish                  Hex/Necr       36%        N/A       1%          4
 Fulminant Prism          Conj/Hex       34%        3d16      1%          4
 Silence                  Hex/Air        34%        N/A       1%          5
 Animate Dead             Necr           45%        N/A       2%          4
 Call Canine Familiar     Summ           25%        N/A       3%          3
 Frozen Ramparts          Ice            50%        1d8       3%          3
 Hailstorm                Conj/Ice       25%        3d7       3%          3
 Kindle Blastsparks       Fire/Tloc/Air  50%        2d14      3%          3
 Lesser Beckoning         Tloc           50%        N/A       3%          3
 Mephitic Cloud           Conj/Pois/Air  25%        N/A       3%          3
 Spider Form              Tmut/Pois      25%        N/A       3%          3
 Swiftness                Air            25%        N/A       3%          3
 Flame Wave               Conj/Fire      25%        2d8       12%         4
 Ice Form                 Ice/Tmut       25%        N/A       12%         4
 Iskenderun's Mystic Bla  Conj/Tloc      25%        2d7       12%         4
 Manifold Assault         Tloc           25%        N/A       12%         4
 Olgreb's Toxic Radiance  Pois           25%        N/A       12%         4
 Passage of Golubria      Tloc           25%        N/A       12%         4
 Summon Ice Beast         Ice/Summ       25%        N/A       12%         4
 Summon Lightning Spire   Summ/Air       25%        N/A       12%         4
 Alistair's Intoxication  Tmut/Pois      16%        N/A       30%         5
 Blade Hands              Tmut           12%        N/A       30%         5
 Fireball                 Conj/Fire      12%        3d7       30%         5
 Iskenderun's Battlesphe  Conj           25%        2d8       30%         5
 Simulacrum               Ice/Necr       17%        N/A       56%         6
 Conjure Ball Lightning   Conj/Air       12%        3x3d6     83%         6
 Eringya's Noxious Bog    Tmut/Pois      12%        N/A       83%         6
 Starburst                Conj/Fire      12%        6d5       83%         6
 Summon Cactus Giant      Summ           12%        N/A       83%         6
 Haunt                    Necr/Summ      17%        N/A       98%         7
 Malign Gateway           Summ/Tloc      12%        N/A       100%        7
 Monstrous Menagerie      Summ           12%        N/A       100%        7
 Orb of Destruction       Conj           12%        9d7       100%        7
 Storm Form               Tmut/Air       12%        N/A       100%        7
 Infestation              Necr           22%        N/A       100%        8
 Lehudib's Crystal Spear  Conj/Erth      18%        10d6      100%        8
 Chain Lightning          Conj/Air       12%        3d16      100%        9
 Fire Storm               Conj/Fire      12%        8d3       100%        9
 Shatter                  Erth           24%        3d21*     100%        9


Dungeon Overview and Level Annotations

Branches:
Dungeon (15/15)            Temple (0/1) D:7            Lair (5/5) D:10
  Swamp (3/4) Lair:3        Snake (4/4) Lair:3        Slime (0/5) Lair:4
    Orc (2/2) D:10            Elf (3/3) Orc:2        Vaults (4/5) D:13
  Crypt (0/3) Vaults:3     Depths (2/4) D:15        Ossuary (visited)
 Bailey (visited)           IceCv (visited)         Volcano (visited)

Altars:
Ashenzari
Cheibriados
Dithmenos
Elyvilon
Gozag
Hepliaklqana
Kikubaaqudgha
Makhleb
Nemelex Xobeh
Okawaru
Sif Muna
Trog
Uskayaw
Vehumet
Wu Jian
Xom
Yredelemnul
Zin
The Shining One
Jiyva
Lugonu

Shops:
D:8 (   D:13 :   Orc:2 :*(*   Elf:1 (   Elf:2 (   Snake:1 [   Snake:3 *
Vaults:1 [   Vaults:2 (*   Vaults:3 =

Portals:
Hell: Depths:1 Depths:2
Abyss: Lair:5
Trove: Vaults:1 (give +6 ice dragon scales)

Annotations:
Swamp:3 exclusion: oklob plant
Orc:2 3 runed translucent doors, Stonecrops's ghost, journeyman HOBe
Elf:2 5 runed translucent doors
Vaults:2 3 runed translucent doors, MrRokkomies's ghost, adept AtBr
Depths:1 exclusion: door


Innate Abilities, Weirdness & Mutations

You are very small and have problems with some larger weapons.
You are too small for most types of armour.
You have supernaturally acute eyesight. (SInv)
You cover ground extremely quickly. (Speed+++)
You have sharp toenails.
You are partially covered in iridescent scales. (AC +2)
You are dopey. (Int -2)
Your magical capacity is low. (-10% MP)
You are resistant to electric shocks. (rElec)
You expend magic power (3 MP) to strengthen your wands.


Message History

The hell knight mumbles some strange prayers to its god.
The hell knight seems to speed up.
The tengu reaver points at you and mumbles some strange words.
The bolt of fire misses you.
Unknown command.
Unknown command.
Unknown command.
Unknown command.
As you read the scroll of teleportation, it crumbles to dust.
You feel strangely unstable. The hell knight completely misses you.
The floating eye seems to glare at you.
Unknown command.
Unknown command.
Unknown command.
Casting: Dazzling Flash (safe; 1% risk of failure)
Confirm with . or Enter, or press ? or * to list all spells.
Casting: Dazzling Flash (safe; 1% risk of failure)
Press: ? - help, Dir - look around, f - activate You feel a surge of power!
The hell knight is dazzled.
The hell knight hits you but does no damage.
The floating eye gazes piercingly through you!
You suddenly lose the ability to move!
The ettin hits you but does no damage.
The ettin hits you with a +1 dire flail of draining!!
You emit a cloud of dark smoke.
You feel drained. The sphinx hits you but does no damage.
The sphinx completely misses you. The sphinx hits you.
The fire giant casts a spell at you. The bolt of fire hits you!! You resist.
* * * LOW HITPOINT WARNING * * *
You emit a cloud of dark smoke.
The bolt of fire hits the tengu reaver!!!
The bolt of fire hits the hell knight.
The hell knight completely resists.
Your surroundings suddenly seem different.
The frost giant shouts!
You can move again.
Unknown command.
The hell knight shouts!
The frost giant points at you and mumbles some strange words.
The bolt of cold hits you!!
You die...

*,,,,,,,,.........#
*,#####...~~~~~...#
,,#####.C.~≈≈≈~...#
..#####...~≈≈≈~...#
#..####...~≈≈≈~...#
##.~~~#...~≈≈≈~...#
.#.~~~#.D.~~C○p...#
.#...~#...........#
...#.##..#######@##
.#.......+,,* #.#
.#)..∩...#*,* #.#**
##..######*,*
#..,** #.)#.
******#..,,* )V.##.
**,,,,,+...,* )#.#
#. *,,****##..,*
##.#
#.*,**,,,,*#..* #
*,,*,,,,,,*,,*


You could see a frost giant and a hell knight.

Vanquished Creatures
  Saint Roka (Depths:2)
  Boris (Vaults:3)
  Jorgrun (Orc:2)
  3 liches
  3 deep elf master archers (Elf:3)
  Asterion (Snake:3)
  A titan (Depths:2)
  2 quicksilver dragons (Snake:4)
  3 deep elf blademasters (Elf:3)
  Frances (Lair:3)
  The ghost of rayg00n the Destroyer, an adept AtRe of Vehumet (Snake:4)
  Kirke (D:12)
  A shadow dragon (Vaults:3)
  4 nagarajas (Snake:4)
  2 thorn hunters (Swamp:2)
  3 fire giants (Depths:2)
  7 deep elf sorcerers (Elf:3)
  2 cacodemons (D:15)
  An emperor scorpion (shapeshifter) (D:15)
  2 orc warlords
  A frost giant (IceCv)
  A balrug (Depths:1)
  3 deep elf elementalists (Elf:3)
  7 vault wardens
  11 very ugly things
  9 ironbound preservers
  A war gargoyle (Vaults:3)
  10 ironbound thunderhulks
  6 stone giants
  4 vampire knights
  4 eleionomae
  Azrael (Orc:2)
  4 deep elf annihilators (Elf:3)
  11 dire elephants (Vaults:2)
  7 deep elf demonologists
  A spark wasp (Depths:2)
  5 deep elf death magi
  A blizzard demon (Depths:1)
  2 ettins
  Snorg (D:10)
  Josephine (D:10)
  A fire dragon (Volcano)
  12 vault guards
  4 deep elf high priests (Elf:3)
  9 great orbs of eyes
  9 yaktaur captains
  9 hydras
  A peacekeeper (Vaults:3)
  A hell beast (Depths:1)
  A hydra (shapeshifter) (Lair:5)
  3 rakshasas
  6 salamander tyrants
  A ghost crab (Swamp:3)
  3 ogre magi
  10 centaur warriors
  3 ice dragons
  3 catoblepae
  11 two-headed ogres
  5 ironbound frosthearts
  4 alligators
  8 anacondas
  2 boulder beetles
  17 dancing weapons
  13 naga warriors
  2 deep troll shamans
  A deep troll earth mage (Depths:2)
  A satyr (shapeshifter) (Vaults:2)
  21 death yaks
  5 tengu warriors
  15 naga sharpshooters
  A hell hog (Volcano)
  2 thrashing horrors (Lair:5)
  4 spriggans
  13 deep elf knights
  13 shock serpents
  2 sun demons
  5 salamander mystics
  2 sixfirhies (D:15)
  2 large abominations (Lair:5)
  4 iron trolls
  Lodul (D:14)
  5 spriggan druids
  7 goliath frogs
  4 bog bodies
  7 deep elf archers
  2 glowing orange brains
  31 deep trolls
  5 naga ritualists
  2 swamp dragons (Swamp:3)
  10 ironbound convokers
  2 wizards (Vaults:3)
  4 orc knights
  13 lindwurms
  A harpy (shapeshifter) (Elf:1)
  25 deep elf pyromancers
  4 phantasmal warriors
  4 orc sorcerers
  21 deep elf zephyrmancers
  6 mana vipers
  A faun (shapeshifter) (Vaults:2)
  4 manticores
  32 ugly things
  9 elephants
  7 cyclopes
  2 will-o-the-wisps (Swamp:2)
  18 salamanders
  2 wolf spiders (Lair:1)
  7 vault sentinels
  29 black mambas
  A torpor snail (Lair:4)
  A rust devil (Depths:1)
  11 naga magi
  Joseph (D:10)
  2 smoke demons
  An ice statue (IceCv)
  3 gargoyles
  5 guardian serpents
  14 cane toads
  2 molten gargoyles (Volcano)
  Maggie (D:9)
  2 kobold demonologists (D:13)
  Psyche (D:8)
  9 rime drakes
  7 komodo dragons
  3 tengu conjurers (Depths:2)
  2 ice devils (Lair:2)
  An ancient zyme (Lair:5)
  26 yaktaurs
  4 bloated husks
  A polar bear (shapeshifter) (Elf:3)
  14 trolls
  5 hornets
  8 polar bears
  5 tyrant leeches
  A wind drake (shapeshifter) (Lair:5)
  10 blink frogs
  A blink frog (shapeshifter) (D:14)
  4 dream sheep (Lair:5)
  47 slime creatures
  A jumping spider (shapeshifter) (Lair:5)
  5 air elementals
  3 water elementals
  6 wraiths
  4 wyverns
  A spriggan (shapeshifter) (Elf:2)
  6 small abominations (Lair:5)
  4 ynoxinuls
  A fire bat (Volcano)
  Eustachio (D:4)
  A neqoxec (Depths:1)
  36 yaks
  4 fire elementals
  9 basilisks
  2 chaos spawn (Lair:5)
  9 vampire mosquitoes
  4 steam dragons
  2 wargs
  Menkaure (D:4)
  12 swamp worms
  29 nagas
  3 acid dragons
  Edmund (D:5)
  7 hell hounds
  A water moccasin (shapeshifter) (D:15)
  17 water moccasins
  Duvessa (D:7)
  3 swamp drakes (Swamp:2)
  A sky beast (D:7)
  18 orc warriors
  A black bear (Lair:3)
  An ice beast (D:6)
  19 wolves
  3 boggarts (Vaults:3)
  30 ogres
  10 centaurs
  6 kobold brigands
  6 bullfrogs
  A gnoll sergeant (D:10)
  11 scorpions
  A necrophage (D:6)
  A wyvern zombie (Ossuary)
  4 earth elementals
  A water moccasin zombie (Ossuary)
  Dowan (D:7)
  14 killer bees
  5 electric eels
  2 bullfrog zombies (Ossuary)
  3 lava snakes (Volcano)
  4 centaur zombies (Ossuary)
  9 orc priests
  5 hounds
  3 gnoll boudas
  11 mummies (Ossuary)
  12 human skeletons (Vaults:2)
  3 iguanas
  21 orc wizards
  3 killer bee zombies (Ossuary)
  8 gnolls
  A howler monkey zombie (Ossuary)
  9 adders
  A white imp (D:7)
  2 ufetubi
  2 worms
  A dart slug (D:3)
  53 orcs
  4 endoplasms
  8 giant cockroaches
  9 goblins
  4 hobgoblins (D:1)
  10 jackals
  17 kobolds
  4 quokkas
  5 ball pythons
  5 bats (D:1)
  A frilled lizard (D:3)
  9 rats
  2 briar patches (Swamp:3)
1358 creatures vanquished.

Vanquished Creatures (collateral kills)
  A reaper (Depths:1)
  A dancing weapon (Elf:3)
  A tengu warrior (D:15)
  An obsidian statue (Depths:1)
  3 deep elf zephyrmancers
  5 salamanders
  A black mamba (Snake:3)
  An ice devil (D:15)
  Sigmund (D:5)
  A spriggan (Lair:5)
  2 fire elementals (Elf:1)
  3 nagas (Snake:4)
  6 orc warriors
  5 centaurs (Bailey)
  An ogre (Orc:2)
  An orc priest (D:9)
  An orc wizard (Orc:2)
  4 gnolls
  An adder (D:4)
  16 orcs
  2 kobolds (D:6)
58 creatures vanquished.

Vanquished Creatures (others)
  2 deep elf knights
  A deep elf archer (Elf:2)
  2 deep elf zephyrmancers
  3 yaktaurs (Vaults:3)
  A troll (Orc:2)
  A human (D:12)
  31 dancing weapons
  A naga (Snake:2)
  An orc (Bailey)
  2 briar patches (Swamp:3)
  A bush (D:10)
  32 fungi
  37 plants
  5 withered plants (Ossuary)
120 creatures vanquished.

Grand Total: 1536 creatures vanquished

Notes
Turn   | Place    | Note
-------+----------+-------------------------------------------
     0 | D:1      | Hnjsb the Spriggan Enchanter began the quest for the Orb.
     0 | D:1      | Reached XP level 1. HP: 9/9 MP: 5/5
   309 | D:2      | Identified the ring of Dymmoro {Drain rPois MP+9 Str+5
                  | Dex+4}
   660 | D:2      | Reached XP level 2. HP: 13/13 MP: 7/7
   663 | D:2      | Learned a level 2 spell: Ensorcelled Hibernation
  1026 | D:1      | Reached XP level 3. HP: 16/16 MP: 9/9
  1192 | D:1      | Found a faded altar of an unknown god.
  1392 | D:1      | Learned a level 3 spell: Tukima's Dance
  1396 | D:1      | Learned a level 3 spell: Confusing Touch
  1724 | D:3      | Reached XP level 4. HP: 12/21 MP: 11/11
  1725 | D:3      | Reached skill level 5 in Hexes
  2155 | D:3      | Learned a level 3 spell: Dazzling Flash
  2357 | D:4      | Reached skill level 5 in Spellcasting
  2357 | D:4      | Reached XP level 5. HP: 23/24 MP: 13/13
  2444 | D:4      | Noticed an ogre
  2464 | D:4      | Killed an ogre
  2465 | D:4      | Reached skill level 5 in Stealth
  2555 | D:4      | Noticed Eustachio
  2569 | D:4      | Killed Eustachio
  2570 | D:4      | Reached XP level 6. HP: 27/28 MP: 15/15
  2571 | D:4      | Reached skill level 6 in Stealth
  2660 | D:4      | Noticed Menkaure
  2673 | D:4      | Killed Menkaure
  2674 | D:4      | Reached XP level 7. HP: 32/32 MP: 17/17
  2954 | D:5      | Entered Level 5 of the Dungeon
  3001 | D:5      | Reached skill level 7 in Stealth
  3062 | D:5      | Noticed Sigmund
  3063 | D:5      | Noticed Edmund
  3080 | D:5      | Killed Edmund
  3085 | D:5      | Killed Sigmund
  3086 | D:5      | Reached skill level 8 in Stealth
  3231 | D:5      | Reached XP level 8. HP: 36/36 MP: 20/20
  3402 | D:5      | Learned a level 1 spell: Apportation
  3405 | D:5      | Learned a level 2 spell: Blink
  3852 | D:5      | Found a snail-covered altar of Cheibriados.
  3853 | D:5      | Found a burning altar of Makhleb.
  3854 | D:5      | Found a shimmering altar of Xom.
  3855 | D:5      | Found a sparkling altar of Nemelex Xobeh.
  3856 | D:5      | Found a radiant altar of Vehumet.
  3857 | D:5      | Found an ornate altar of the Wu Jian Council.
  3857 | D:5      | Found an ancient bone altar of Kikubaaqudgha.
  3857 | D:5      | Found a broken altar of Ashenzari.
  3857 | D:5      | Found an iron altar of Okawaru.
  3858 | D:5      | Found a white marble altar of Elyvilon.
  3859 | D:5      | Found an opulent altar of Gozag.
  3859 | D:5      | Found a basalt altar of Yredelemnul.
  3880 | D:5      | Found a glowing golden altar of the Shining One.
  4097 | D:6      | Reached skill level 9 in Stealth
  4525 | D:6      | Found a shadowy altar of Dithmenos.
  4554 | D:6      | Became a worshipper of Dithmenos the Shadowed
  4595 | D:6      | Gained mutation: You are resistant to electric shocks.
                  | (rElec) [potion of mutation]
  4595 | D:6      | Gained mutation: You are partially covered in iridescent
                  | scales. (AC +2) [potion of mutation]
  4595 | D:6      | Gained mutation: You expend magic power (3 MP) to
                  | strengthen your wands. [potion of mutation]
  4595 | D:6      | Gained mutation: You have sharp toenails. [potion of
                  | mutation]
  4744 | D:6      | Reached skill level 10 in Stealth
  5183 | D:7      | Reached XP level 9. HP: 39/39 MP: 23/23
  5305 | D:7      | Found a staircase to the Ecumenical Temple.
  5328 | D:7      | Found a sand-covered staircase.
  5336 | Ossuary  | Entered an ossuary
  5400 | Ossuary  | Reached * piety under Dithmenos
  5434 | Ossuary  | Reached skill level 11 in Stealth
  5634 | Ossuary  | Reached skill level 10 in Hexes
  5905 | D:7      | Found a shimmering blue altar of Sif Muna.
  5905 | D:7      | Noticed Dowan
  6289 | D:7      | Reached skill level 10 in Spellcasting
  6297 | D:7      | Reached skill level 12 in Stealth
  6393 | D:7      | Noticed Duvessa
  6394 | D:7      | Found a bloodstained altar of Trog.
  6397 | D:7      | You fall into a shaft and drop 1 floor!
  6479 | D:8      | Noticed Psyche
  6498 | D:8      | Killed Psyche
  6499 | D:8      | Reached skill level 1 in Fighting
  6668 | D:7      | Reached XP level 10. HP: 41/45 MP: 25/25
  6806 | D:7      | Killed Duvessa
  6817 | D:7      | Killed Dowan
  6817 | D:7      | Reached ** piety under Dithmenos
  6847 | D:7      | Got Sif Muna's Almanac of Transmigration
  7248 | D:8      | Reached skill level 13 in Stealth
  7325 | D:8      | Found Paol's Weapon Emporium.
  7508 | D:8      | Reached skill level 5 in Dodging
  7928 | D:9      | Noticed a two-headed ogre
  7976 | D:9      | Killed a two-headed ogre
  7977 | D:9      | Reached XP level 11. HP: 48/52 MP: 15/27
  8087 | D:9      | Reached *** piety under Dithmenos
  8157 | D:9      | Noticed Maggie
  8167 | D:9      | Killed Maggie
  8280 | D:9      | Found a runed translucent door.
  8290 | D:9      | Found a runed translucent door.
  8746 | D:10     | Entered Level 10 of the Dungeon
  8800 | D:10     | Found a staircase to the Orcish Mines.
  8803 | D:10     | Noticed Joseph
  8810 | D:10     | Killed Joseph
  8824 | D:10     | Found a flagged portal.
  8833 | Bailey   | Entered a bailey
  8854 | Bailey   | Reached skill level 5 in Short Blades
  9114 | Bailey   | Reached skill level 14 in Stealth
  9229 | Bailey   | Reached **** piety under Dithmenos
  9942 | D:10     | Found a staircase to the Lair.
  9987 | D:10     | Reached ***** piety under Dithmenos
 10486 | D:10     | Noticed Josephine
 10500 | D:10     | Killed Josephine
 10521 | D:10     | Reached XP level 12. HP: 58/58 MP: 28/29
 10610 | D:10     | Reached skill level 15 in Stealth
 10696 | D:10     | Noticed Snorg
 10707 | D:10     | Killed Snorg
 11171 | D:11     | Reached skill level 5 in Fighting
 11513 | D:11     | Noticed a two-headed ogre
 11520 | D:11     | Killed a two-headed ogre
 11829 | D:12     | Found an opulent altar of Gozag.
 11898 | D:12     | Noticed Kirke
 11901 | D:12     | Killed Kirke
 12544 | D:13     | Noticed a two-headed ogre
 12551 | D:13     | Killed a two-headed ogre
 12586 | D:13     | Found Obek's Book Shoppe.
 12653 | D:13     | Reached skill level 16 in Stealth
 12670 | D:13     | Noticed a two-headed ogre
 12674 | D:13     | Killed a two-headed ogre
 12711 | D:13     | Noticed a vault guard
 12737 | D:13     | Killed a vault guard
 12739 | D:13     | Noticed a vault guard
 12748 | D:13     | Killed a vault guard
 12888 | D:13     | Noticed a catoblepas
 12890 | D:13     | Killed a catoblepas
 12947 | D:13     | Noticed a vault guard
 12957 | D:13     | Killed a vault guard
 12958 | D:13     | Reached XP level 13. HP: 65/65 MP: 31/31
 13047 | D:13     | Found a gate to the Vaults.
 13100 | D:13     | Reached skill level 10 in Dodging
 13480 | D:14     | Noticed Lodul
 13490 | D:14     | Killed Lodul
 13931 | D:14     | Reached skill level 17 in Stealth
 14479 | Lair:1   | Entered Level 1 of the Lair of Beasts
 14964 | Lair:1   | Reached ****** piety under Dithmenos
 15523 | Lair:2   | Reached XP level 14. HP: 51/72 MP: 26/33
 15749 | Lair:2   | Found a frozen archway.
 15755 | IceCv    | Entered an ice cave
 15984 | IceCv    | Noticed a frost giant
 16019 | IceCv    | Killed a frost giant
 16311 | IceCv    | Reached skill level 10 in Short Blades
 16311 | IceCv    | Reached skill level 18 in Stealth
 17222 | Lair:3   | Found a staircase to the Snake Pit.
 17439 | Lair:3   | Found a staircase to the Swamp.
 17624 | Lair:3   | Reached skill level 15 in Hexes
 18339 | Lair:4   | Reached skill level 15 in Spellcasting
 18737 | Lair:4   | Found the ring of the Mage {Wiz Archmagi}
 18839 | Lair:4   | Reached XP level 15. HP: 38/69 MP: 14/35
 19157 | Lair:4   | Found a viscous altar of Jiyva.
 19158 | Lair:4   | Found a staircase to the Slime Pits.
 19372 | Lair:5   | Entered Level 5 of the Lair of Beasts
 19477 | Lair:5   | Learned a level 5 spell: Borgnjor's Vile Clutch
 19859 | Lair:5   | Found a dark tunnel.
 19865 | Volcano  | Entered a volcano
 20080 | Volcano  | Found a burning altar of Makhleb.
 20268 | Volcano  | Reached skill level 1 in Necromancy
 20568 | Lair:5   | Reached skill level 19 in Stealth
 21629 | Lair:5   | Found a corrupted altar of Lugonu.
 21629 | Lair:5   | Found a one-way gate to the infinite horrors of the Abyss.
 21967 | Orc:1    | Entered Level 1 of the Orcish Mines
 22313 | Orc:1    | Learned a level 5 spell: Summon Mana Viper
 22424 | Orc:2    | Entered Level 2 of the Orcish Mines
 22444 | Orc:2    | Found a flickering gateway to a bazaar.
 22487 | Bazaar   | Entered a bazaar
 22624 | Bazaar   | Found Feladyd's Antique Weapon Shop.
 22636 | Bazaar   | Found Hacu's Antique Armour Shop.
 22642 | Bazaar   | Found Cejekh's Assorted Antiques.
 22650 | Bazaar   | Found Yviakex's Distillery.
 22684 | Bazaar   | Found Nebb's General Store.
 22726 | Bazaar   | Bought a potion of berserk rage for 70 gold pieces
 22726 | Bazaar   | Bought a potion of might for 56 gold pieces
 22726 | Bazaar   | Bought a potion of mutation for 112 gold pieces
 22726 | Bazaar   | Bought a potion of heal wounds for 70 gold pieces
 22726 | Bazaar   | Bought a potion of brilliance for 56 gold pieces
 22726 | Bazaar   | Bought a potion of curing for 42 gold pieces
 22726 | Bazaar   | Bought a potion of heal wounds for 70 gold pieces
 22726 | Bazaar   | Bought a potion of experience for 700 gold pieces
 22726 | Bazaar   | Bought a potion of mutation for 112 gold pieces
 22738 | Bazaar   | Bought a scroll of immolation for 128 gold pieces
 22738 | Bazaar   | Bought a scroll of teleportation for 96 gold pieces
 22738 | Bazaar   | Bought a potion of berserk rage for 160 gold pieces
 22931 | Orc:2    | Found a staircase to the Elven Halls.
 22936 | Orc:2    | Found Zatawah's Assorted Antiques.
 22948 | Orc:2    | Noticed Azrael
 22951 | Orc:2    | Found Xiem's Assorted Antiques.
 22953 | Orc:2    | Found Ypnix's Book Shop.
 23020 | Orc:2    | Noticed Jorgrun
 23102 | Orc:2    | Killed Jorgrun
 23460 | Orc:2    | Found Raann's Weapon Emporium.
 23472 | Orc:2    | Bought a scroll labelled OCOIFU OPPO for 37 gold pieces
 23507 | Orc:2    | Bought a scroll of fear for 132 gold pieces
 23641 | Orc:2    | Killed Azrael
 23791 | Orc:2    | Found a runed translucent gate.
 23818 | Orc:2    | Found a runed translucent gate.
 23818 | Orc:2    | Found a runed translucent gate.
 23823 | Orc:2    | Noticed Stonecrops's ghost (journeyman HOBe)
 24287 | D:15     | Entered Level 15 of the Dungeon
 24415 | D:15     | Reached XP level 16. HP: 82/84 MP: 36/36
 24434 | D:15     | Reached XP level 17. HP: 87/87 MP: 37/37
 25037 | D:15     | Reached skill level 20 in Stealth
 25136 | D:15     | Found a glowing silver altar of Zin.
 25138 | D:15     | Found a burning altar of Makhleb.
 25138 | D:15     | Found an ancient bone altar of Kikubaaqudgha.
 25140 | D:15     | Found a hazy altar of Hepliaklqana.
 25140 | D:15     | Found a hide-covered altar of Uskayaw.
 25140 | D:15     | Found a shimmering altar of Xom.
 25349 | D:15     | Found a staircase to the Depths.
 25606 | Snake:1  | Entered Level 1 of the Snake Pit
 25631 | Snake:1  | Found Ytoufazi's Armour Boutique.
 25647 | Snake:1  | Bought a +1 hat for 176 gold pieces
 27572 | Snake:2  | Reached skill level 15 in Dodging
 28923 | Snake:3  | Reached skill level 10 in Fighting
 28934 | Snake:3  | Reached skill level 21 in Stealth
 29145 | Snake:3  | Noticed Asterion
 29227 | Snake:3  | Killed Asterion
 29747 | Snake:3  | Reached XP level 18. HP: 94/94 MP: 40/40
 30199 | Snake:3  | Found Maamn's Assorted Antiques.
 30216 | Snake:3  | Bought a potion of heal wounds for 140 gold pieces
 30738 | Snake:4  | Entered Level 4 of the Snake Pit
 30846 | Swamp:1  | Entered Level 1 of the Swamp
 31035 | Elf:1    | Entered Level 1 of the Elven Halls
 31045 | Orc:2    | Paralysed by an air elemental for 1 turns
 31104 | Orc:2    | Paralysed by an air elemental for 1 turns
 31375 | Elf:1    | Found Edeahybis's Antique Weapon Emporium.
 31601 | Elf:1    | Learned a level 5 spell: Lee's Rapid Deconstruction
 32239 | Elf:1    | Got Tuoxedil's Meditations on Companions
 32560 | Elf:2    | Found Ynoivoc's Antique Weapon Boutique.
 32620 | Elf:1    | Paralysed by an air elemental for 1 turns
 32626 | Elf:1    | Paralysed by an air elemental for 1 turns
 32723 | Elf:1    | Reached skill level 22 in Stealth
 33156 | Elf:2    | Noticed a Hell Sentinel
 33432 | Elf:2    | Noticed a Brimstone Fiend
 33848 | Elf:2    | Found a huge runed translucent gate.
 33848 | Elf:2    | Found a huge runed translucent gate.
 33848 | Elf:2    | Found a huge runed translucent gate.
 33848 | Elf:2    | Found a huge runed translucent gate.
 33848 | Elf:2    | Found a huge runed translucent gate.
 34172 | Elf:3    | Entered Level 3 of the Elven Halls
 34623 | Snake:4  | Noticed rayg00n's ghost (adept AtRe)
 34711 | Snake:4  | Found a runed translucent door.
 35395 | Snake:4  | Killed rayg00n's ghost
 36482 | Snake:4  | Reached XP level 19. HP: 100/100 MP: 36/42
 36615 | Snake:4  | HP: 5/100 [poisoned by a nagaraja (poison arrow)]
 36931 | Snake:4  | Got a serpentine rune of Zot
 37417 | Vaults:1 | Entered Level 1 of the Vaults
 37585 | Vaults:1 | Reached skill level 23 in Stealth
 38242 | Vaults:1 | Learned a level 4 spell: Dispel Undead
 38279 | Vaults:1 | Found a portal to a secret trove of treasure.
 38288 | Vaults:1 | Found Vesu Testuri's Armour Shoppe.
 39310 | Vaults:2 | Found Ruunim's Antique Weapon Emporium.
 39331 | Vaults:2 | Found Uffoufesk's Assorted Antiques.
 39355 | Vaults:2 | Bought a scorched short sword for 280 gold pieces
 39355 | Vaults:2 | Identified the +0 short sword "Meonotia" {vamp, Dex+4} (You
                  | bought it in a shop on level 2 of the Vaults)
 39424 | Vaults:2 | Bought 2 potions of might for 288 gold pieces
 40307 | Vaults:2 | Reached skill level 24 in Stealth
 40768 | Vaults:2 | Reached XP level 20. HP: 86/107 MP: 16/44
 40921 | Vaults:2 | Found a runed translucent gate.
 40921 | Vaults:2 | Found a runed translucent gate.
 40921 | Vaults:2 | Found a runed translucent gate.
 40930 | Vaults:2 | Noticed MrRokkomies's ghost (adept AtBr)
 41157 | Vaults:2 | Identified the +9 arbalest of Harmony {speed, rPois Dex+4}
 42188 | Vaults:3 | Found a staircase to the Crypt.
 42777 | Vaults:3 | Reached skill level 1 in Earth Magic
 43165 | Vaults:3 | Noticed Boris
 43168 | Vaults:3 | Killed Boris
 43704 | Vaults:3 | Reached skill level 5 in Earth Magic
 43888 | Vaults:3 | Found Qorido's Jewellery Shop.
 44170 | Depths:1 | Entered Level 1 of the Depths
 44658 | Swamp:1  | Noticed Frances
 45208 | Lair:3   | Killed Frances
 45294 | Swamp:1  | Reached skill level 25 in Stealth
 45690 | Swamp:1  | Learned a level 3 spell: Stone Arrow
 47159 | Swamp:3  | HP: 4/109 [spriggan druid/+0 quarterstaff (16)]
 48179 | Elf:3    | Reached XP level 21. HP: 107/111 MP: 39/46
 49487 | Elf:3    | Identified the +9 great sword "Qasadaj" {vorpal, Int+2}
 49487 | Elf:3    | Identified the +0 leather armour of Charity {Rampage Int-3
                  | Slay+5}
 49979 | Elf:3    | Found the +2 Maxwell's thermic engine {flame, freeze}
 49985 | Elf:3    | Identified the +1 leather armour of Geack {rPois}
 49985 | Elf:3    | Found the +8 demon blade "Leech" {vamp, Harm Drain rN+}
 49987 | Elf:3    | Identified the +8 dagger of the Glowing Moth {holy, rPois}
 50079 | Elf:3    | Identified the +7 morningstar of World Downfall {flame,
                  | Contam rElec Str-5 SInv}
 50085 | Elf:3    | Identified the +8 scimitar of the Tent {freeze, *Corrode
                  | rPois rF+ rC+}
 50096 | Elf:3    | Identified the +8 scimitar of Bursted Action {speed, Dex+9}
 50110 | Elf:3    | Identified the +8 spear "Sashaxum" {venom, rN+ Str+2 Int-3}
 50173 | Elf:3    | Identified the +1 short sword "Kopn" {vorpal, Will+ Str+4}
 50182 | Elf:3    | Reached skill level 26 in Stealth
 51608 | Depths:1 | Identified the +3 scimitar "Moqaoronk" {pain, *Rage rN+
                  | Int+5}
 52277 | Depths:1 | Gained mutation: You are dopey. (Int -2) [a cacodemon]
 52279 | Depths:1 | Gained mutation: Your magical capacity is low. (-10% MP) [a
                  | neqoxec]
 52617 | Depths:1 | Found a gateway to Hell.
 53582 | Depths:2 | Noticed Saint Roka
 53591 | Depths:2 | Killed Saint Roka
 54033 | Depths:2 | Found a glowing silver altar of Zin.
 54033 | Depths:2 | Found a glowing silver altar of Zin.
 54033 | Depths:2 | Found a basalt altar of Yredelemnul.
 54033 | Depths:2 | Found a glowing golden altar of the Shining One.
 54059 | Depths:2 | Paralysed by a floating eye for 4 turns
 54060 | Depths:2 | HP: 5/109 [fire giant/bolt of fire (29)]
 54064 | Depths:2 | Killed from afar by a frost giant

Illustrated notes

Levels and vault maps discovered:
D:1:      lightli_arrival_flooded_house, layout_basic,
          hellmonk_ecumenical_altar_lost_god, serial_forest,
          infiniplex_forest_lined_corner, infiniplex_forest_straight_2,
          infiniplex_forest_lined_corner, infiniplex_forest_corner_2,
          infiniplex_forest_lined_corner, infiniplex_forest_lined_2
D:2:      layout_basic, corner_web_ring
D:3:      layout_rooms, serial_corexii_hall, corexii_hall_statues_i,
          corexii_hall_statues_t
D:4:      layout_cave_pools, serial_park_tiny_2, uniq_menkaure, uniq_eustachio
D:5:      layout_loops_ring, nicolae_overflows_in_rows,
          amcnicky_mini_pool_small, corexii_checkpoint_a,
          sigmund_edmund_badplayer
D:6:      layout_gridville, mainiacjoe_overflow_brackets
D:7:      layout_rooms, nzn_overflow_gifts_of_might_and_magic,
          minmay_temple_entry_trees, chequers_ossuary_entry_cave
D:8:      layout_loops_corners, serial_shops, nicolae_shop_bloodbath_and_beyond,
          uniq_psyche
D:9:      lemuel_insect_pit, layout_small_grid, uniq_maggie
D:10:     layout_roguey, minmay_lair_entry_grove, orc_0_dummy, enter_bailey_8,
          uniq_josephine, uniq_snorg, uniq_joseph
D:11:     cheibrodos_steamvent, layout_basic
D:12:     layout_irregular_city, nicolae_gozag_cash_rules_everything_around_me,
          uniq_kirke
D:13:     layout_roguey, erik_vaults_2, serial_shops, nicolae_shop_behind_doors
D:14:     layout_small_grid, fountainhead, uniq_lodul
D:15:     gammafunk_enter_depths_forms, layout_basic, doesnt_xom_only_xom
Lair:1:   layout_cave_pods, chequers_serial_rivers_micro_a, serial_bayou_pond_b,
          chequers_serial_rivers_micro_a, minivault_25,
          chequers_serial_rivers_micro_e, nicolae_lair_run_with_the_wolves
Lair:2:   layout_cave_shapes, portal_ice_cave_demonic_guard
Lair:3:   layout_loops_ring, nicolae_swamp_entry_splash_gauntlet,
          guppyfry_snake_entry_garden
Lair:4:   layout_gridlike, slime_entry_1, dreamdust_gnoll_shepherd
Lair:5:   hellmonk_lair_end_abyssal_woods, layout_small_grid,
          lightli_volcano_entry_magma_tube, grunt_megastairs_1,
          infiniplex_staircase_pool_2, serial_bayou_shore_a
Swamp:1:  layout_basic_swamp, nicolae_swamp_small_spring, uniq_frances
Swamp:2:  nicolae_swamp_ascending_descending_big, layout_basic_swamp,
          nicolae_swamp_well_well_well, swamp_pool5, hangedman_swamp_cone,
          nicolae_swamp_soggy_hallways
Swamp:3:  nicolae_swamp_phyte_club, layout_basic_swamp,
          nicolae_swamp_dense_foliage, swamp_pool3, lightli_tree_ring,
          uniq_mlioglotl
Snake:1:  layout_honeycomb, serial_shops, shop
Snake:2:  layout_honeycomb, grunt_megastairs_2
Snake:3:  layout_chambers, serial_shops, shop, uniq_asterion
Snake:4:  hellmonk_snake_rune_quicksilver_temple, layout_basic,
          hellmonk_ghost_happy_afterlife,
          nicolae_snake_yet_another_twisty_hallway
Orc:1:    layout_caves, mines4_lemuel
Orc:2:    st_orc_open, layout_caves, gammafunk_ghost_split, serial_shops,
          bzr_entry_lakeside, guppyfry_library_mini, uniq_jorgrun, uniq_azrael
Elf:1:    nicolae_elf_arrival_aired_out, layout_onion_city, serial_shops, shop,
          minmay_elf_demonology, kilobyte_rumbling_trees
Elf:2:    elven_hall_of_blades_hangedman_alternative [nicolae_blade_bullseye],
          layout_gridlike, serial_shops, nicolae_shop_statue_plus
Elf:3:    minmay_elf_hall_statues, layout_geoelf_castle
Vaults:1: ontoclasm_vaults_ring_small, vaults_mumra_minichess,
          ontoclasm_vaults_echo, ontoclasm_vaults_ring_small,
          hangedman_vaults_stretched_pinwheel, vaults_room_stairs_pillars,
          hangedman_vaults_stream, nicolae_vaults_little_squares_6,
          layout_vaults_chaotic_city, nicolae_trove_entry_free_sample,
          serial_shops, nicolae_shop_hallway_plus
Vaults:2: gammafunk_ghost_tricky_traps, v_misc_17, hangedman_vaults_slither,
          ontoclasm_vaults_shout, vaults_room_grid, dpeg_vaults_monster_row,
          nicolae_vaults_yaktaur_gun_rack,
          nicolae_vaults_windows_and_doors_thing, hangedman_vaults_trim,
          nicolae_vaults_little_ls, ontoclasm_vaults_decontamination,
          nicolae_vaults_little_squares_6, vaults_dpeg_encased_lava,
          hangedman_vaults_variations, vaults_dpeg_emergency_exit,
          nicolae_vaults_little_squares_1, layout_vaults_maze_bifur,
          serial_shops, nicolae_shop_temple_entry_statues_fountains,
          nicolae_shop_statue_plus, uniq_margery
Vaults:3: v_alt_pattern_4, grunt_vaults_diagonal,
          minmay_crypt_entry_nasty_monster, v_misc_24, v_alt_pattern_1,
          ontoclasm_vaults_gallery, grunt_vaults_funnel, hangedman_vaults_pinch,
          nicolae_vaults_angled_halls, v_misc_10, v_alt_pattern_2,
          nicolae_vaults_ring_of_whatevers, v_pattern_5, vaults_dpeg_diagonal,
          v_misc_9, layout_vaults_big_cross, serial_shops, shop_coins,
          uniq_boris
Vaults:4: grunt_vaults_focal, v_misc_15, v_alt_pattern_4,
          hangedman_vaults_nails, layout_vaults_omnigrid, uniq_mennas
Depths:1: layout_gridlike, grunt_hell_entry_demonic_statue,
          hangedman_decor_growths, kennysheep_boxes
Depths:2: minmay_the_grid_octo_tiled_octocenter [minmay_the_grid_octo_odd_swirl,
          minmay_the_grid_octo_concentric, minmay_the_grid_octo_shrine,
          minmay_the_grid_octo_pinwheel, minmay_the_grid_octo_prize_big_c,
          minmay_the_grid_square_5x5_c, minmay_the_grid_square_5x5_lines,
          minmay_the_grid_square_5x5_fancy_junction,
          minmay_the_grid_square_5x5_doubleslash], layout_gridlike,
          grunt_pan_entry_sceptre, hell_entry, uniq_saint_roka

Skill      XL: |  1  2  3  4  5  6  7  8  9 10 11 12 13 14 15 16 17 18 19 20 21 |
---------------+----------------------------------------------------------------+-----
Spellcasting   | 3 4 5 6 7 9 10 11 12 13 14 15 17 18 19 20 21 | 21.5
Hexes          | 4 5 6 7 9 10 11 12 13 14 15 16 17 18 19 20 21 22 | 22.3
Stealth        | 5 6 8 10 12 13 14 16 17 18 19 21 22 24 25 26 | 26.6
Dodging        | 3 5 7 9 11 12 14 15 17 18 | 18.0
Fighting       | 1 3 4 6 7 8 9 10 11 12 13 14 | 14.1
Short Blades   | 2 4 6 8 9 10 11 12 | 12.0
Necromancy     | 3 4 |  4.0
Earth Magic    | 5 |  5.0

Action                   |  1- 3 |  4- 6 |  7- 9 | 10-12 | 13-15 | 16-18 | 19-21 || total
-------------------------+-------+-------+-------+-------+-------+-------+-------++-------
Melee: Dagger            |   106 |    65 |   250 |   354 |   927 |   912 |   996 ||  3610
       Punch             |     1 |     1 |     4 |     2 |    14 |    10 |    18 ||    50
       Kick              |       |       |    54 |   107 |   390 |   330 |   358 ||  1239
Throw: Dart              |       |       |       |       |     5 |       |       ||     5
       Throwing net      |       |       |       |       |     1 |       |       ||     1
 Cast: Ensorcelled Hiber |     7 |    11 |    48 |    92 |   144 |    90 |   134 ||   526
       Tukima's Dance    |       |     3 |    21 |    60 |    24 |    48 |    49 ||   205
       Confusing Touch   |       |     2 |    24 |    18 |    31 |    17 |    20 ||   112
       Dazzling Flash    |       |       |     1 |     5 |    83 |   170 |   278 ||   537
       Apportation       |       |       |       |     2 |       |       |       ||     2
       Summon Mana Viper |       |       |       |       |       |    16 |    20 ||    36
       Stone Arrow       |       |       |       |       |       |       |    27 ||    27
       Dispel Undead     |       |       |       |       |       |       |    15 ||    15
Invok: Shadow Step       |       |       |       |     1 |     6 |     9 |    17 ||    33
Evoke: Wand              |       |       |       |     7 |    21 |     6 |    13 ||    47
       Phial of floods   |       |       |       |       |     3 |       |     1 ||     4
       Box of beasts     |       |       |       |       |     1 |       |     1 ||     2
  Use: Scroll            |     9 |     4 |    10 |    13 |    13 |    14 |    31 ||    94
       Potion            |       |     1 |     2 |     3 |    17 |    10 |    26 ||    59
 Stab: Sleeping          |    11 |     9 |    38 |    92 |   143 |   100 |   197 ||   590
       Distracted        |     3 |     1 |     2 |     3 |     9 |    11 |    10 ||    39
       Invisible         |       |     2 |     3 |     8 |    49 |   115 |   158 ||   335
       Confused          |       |       |    14 |    17 |    25 |    13 |    16 ||    85
       Paralysed         |       |       |       |       |     1 |     1 |     1 ||     3
       Fleeing           |       |       |       |       |       |       |     1 ||     1
Armor: Robe              |     8 |     1 |    59 |    21 |       |       |       ||    89
       Steam dragon scal |       |       |       |    39 |    83 |   111 |   159 ||   392
Dodge: Dodged            |    92 |    52 |   196 |   370 |   743 |   823 |  1223 ||  3499

Table legend: (Time is in decaauts)
 A = Elapsed time spent in this place.
 B = Non-inter-level travel time spent in this place.
 C = Inter-level travel time spent in this place.
 D = Time resting spent in this place.
 E = Time spent auto-exploring this place.
 F = Levels seen in this place.
 G = Mean time per level.
                   A        B        C        D        E       F      G
               +--------+--------+--------+--------+--------+-----+--------+
         Total |  39507 |  36777 |   2730 |   4709 |  22163 |  43 |  918.8 |
       Dungeon |  11216 |  10306 |    910 |    886 |   6753 |  15 |  747.7 |
          Lair |   5213 |   4757 |    456 |    543 |   3134 |   5 | 1042.6 |
         Swamp |   1672 |   1554 |    118 |    319 |    802 |   3 |  557.3 |
     Snake Pit |   5754 |   5144 |    610 |    675 |   3316 |   4 | 1438.5 |
  Orcish Mines |   1512 |   1382 |    130 |     95 |    761 |   2 |  756.0 |
   Elven Halls |   5207 |   5031 |    176 |    982 |   2832 |   3 | 1735.7 |
        Vaults |   4925 |   4647 |    278 |    526 |   2864 |   4 | 1231.2 |
        Depths |   1644 |   1595 |     49 |    288 |    789 |   2 |  822.0 |
        Bazaar |    213 |    213 |      0 |      0 |    172 |   1 |  213.0 |
       Ossuary |    456 |    456 |      0 |     61 |     92 |   1 |  456.0 |
        Bailey |    763 |    763 |      0 |     33 |    428 |   1 |  763.0 |
      Ice Cave |    543 |    543 |      0 |     98 |    214 |   1 |  543.0 |
       Volcano |    383 |    383 |      0 |    201 |      0 |   1 |  383.0 |
               +--------+--------+--------+--------+--------+-----+--------+

Top non-repeatable levels by time:
   Elf:3: 2858 daAuts
Vaults:2: 1909 daAuts
 Snake:4: 1739 daAuts
 Snake:3: 1677 daAuts
Vaults:1: 1625 daAuts
   Elf:1: 1558 daAuts
 Snake:2: 1483 daAuts
  Lair:5: 1450 daAuts
Vaults:3: 1383 daAuts
    D:15: 1380 daAuts
    D:10: 1211 daAuts
  Lair:2: 1185 daAuts
   Orc:2: 1143 daAuts
Depths:1: 1123 daAuts
  Lair:3: 1098 daAuts
